 Dungeon Crawl Stone Soup version 0.28-a0-1594-ga885d4b3d6 (webtiles) character file.

Game seed: 3737111488364011810

41 lonewolfV2 the Sneak (level 3, -9/14 HPs)
             Began as a Felid Air Elementalist on Jan 20, 2022.
             Mangled by a worm (10 damage)
             ... on level 2 of the Dungeon.
             The game lasted 00:05:00 (1386 turns).

lonewolfV2 the Sneak (Felid Air Elementalist)       Turns: 1386, Time: 00:05:01

Health: -9/14      AC:  1    Str:  3 (4)  XL:     3   Next: 32%
Magic:  1/7        EV: 17    Int: 17 (18) God:
Gold:   52         SH:  0    Dex: 14 (16) Spells: 3/6 levels left
                                        Lives:  0   Deaths: 0

rFire   . . .      SeeInvis +   (weapon unavailable)
rCold   + . .      Faith    .   (shield unavailable)
rNeg    . . .      Spirit   .   (armour unavailable)
rPois   .          Reflect  .   (helmet unavailable)
rElec   .          Harm     .   (cloak unavailable)
rCorr   .          Rampage  .   (gloves unavailable)
Will    .....                   (boots unavailable)
Stlth   ++........              (no amulet)
HPRegen 0.04/turn               g - ring of protection from cold
MPRegen 0.10/turn               (no ring)

@: quick
A: very small, claws 1, fangs 3, see invisible, speed 1, shaggy fur 1, stealthy
paws, no weapons or thrown items, no armour, multi-lived
a: no special abilities


You were on level 2 of the Dungeon.
You visited 1 branch of the dungeon, and saw 2 of its levels.

You collected 52 gold pieces.

Inventory:

Jewellery
 g - a ring of protection from cold (left paw)
Scrolls
 b - 2 scrolls of identify
 d - 2 scrolls of noise
Potions
 c - a potion of lignification
 e - a potion of attraction {unknown}


   Skills:
 + Level 2.7 Dodging
 + Level 3.3 Stealth
 + Level 0.8 Unarmed Combat
 + Level 2.4 Spellcasting
 + Level 1.3 Conjurations
 + Level 3.1 Air Magic


You had 3 spell levels left.
You knew the following spells:

 Your Spells              Type           Power      Damage    Failure   Level
a - Shock                 Conj/Air       36%        1d5       8%          1
b - Static Discharge      Conj/Air       9%         N/A       12%         2

Your spell library contained the following spells:

 Spells                   Type           Power      Damage    Failure   Level
 Swiftness                Air            12%        N/A       16%         3
 Animate Skeleton         Necr           4%         N/A       19%         1
 Apportation              Tloc           4%         N/A       19%         1
 Summon Small Mammal      Summ           8%         N/A       19%         1
 Blink                    Tloc           4%         N/A       28%         2
 Lesser Beckoning         Tloc           2%         N/A       50%         3
 Tukima's Dance           Hex            2%         N/A       50%         3
 Airstrike                Air            6%         N/A       45%         4
 Anguish                  Hex/Necr       1%         N/A       88%         4
 Manifold Assault         Tloc           2%         N/A       99%         5
 Enfeeble                 Hex            1%         N/A       100%        7


Dungeon Overview and Level Annotations

Branches:
Dungeon (2/15)

Altars:


Innate Abilities, Weirdness & Mutations

You have sharp claws.
You have razor-sharp teeth.
You have supernaturally acute eyesight. (SInv)
You cover ground quickly. (Speed+)
You are covered in fur. (AC +1)
Your paws help you pounce on unaware monsters.
You are incapable of wielding weapons or throwing items.
You cannot wear armour.
You gain extra lives every three experience levels.


Message History

The worm is struck by an arc of lightning!
The worm is severely wounded.
You are struck by an arc of lightning.
The lightning grounds out.
The worm bites you but does no damage.
You barely miss the worm. You claw the worm.
The worm is severely wounded.
You scratch the worm but do no damage.
The worm is severely wounded.
The worm closely misses you.
You scratch the worm.
The worm is almost dead.
You barely miss the worm. You claw the worm.
The worm is almost dead.
The worm misses you.
You scratch the worm.
The worm is almost dead.
The worm misses you.
You barely miss the worm.
The worm is almost dead.
You scratch the worm but do no damage.
The worm is almost dead.
The worm completely misses you.
You scratch the worm.
You kill the worm!
The worm bites you!
Ouch! That really hurt!
* * * LOW HITPOINT WARNING * * *
Casting: Static Discharge (safe; 11% risk of failure)
Confirm with . or Enter, or press ? or * to list all spells.
The worm is struck by an arc of lightning!
The worm is heavily wounded.
You are struck by an arc of lightning.
* * * LOW HITPOINT WARNING * * *
The lightning grounds out.
It was a potion of degeneration.
There was something very wrong with that liquid.
You feel weakened.
You feel dopey.
You feel clumsy. The worm bites you!
Ouch! That really hurt!
You die...

#####...###. #.# .#
..........#.##.# ..#
#..#....<..#..###..##
##.........#....#....
#####....................
#..........# #..........
..........)####..........
.........................
##...@w†###.....†.....
#.#....# ###.........
#.## #....# ##.##..###
.....#....# #..#>.#
.....(....#######.#..#
.....#.........##.#..#
.....#....####....#..#
.... ###### #..#..# ...
#.....# .


You could see a worm.

Vanquished Creatures
  A worm (D:2)
  2 dart slugs
  5 bats
  2 endoplasms
  A giant cockroach (D:1)
  6 hobgoblins
  5 kobolds (D:1)
  4 ball pythons (D:1)
  A goblin (D:1)
  4 rats (D:1)
31 creatures vanquished.

Notes
Turn   | Place    | Note
-------+----------+-------------------------------------------
     0 | D:1      | lonewolfV2 the Felid Air Elementalist began the quest for
                  | the Orb.
     0 | D:1      | Reached XP level 1. HP: 7/7 MP: 4/4
   251 | D:1      | Reached skill level 1 in Conjurations
   251 | D:1      | Reached XP level 2. HP: 10/11 MP: 1/6
   716 | D:1      | Learned a level 2 spell: Static Discharge
  1133 | D:2      | Identified the +0 plate armour of Ru's Grace {rPois rCorr
                  | Str-2 Dex-3}
  1152 | D:2      | Reached XP level 3. HP: 14/14 MP: 1/7
  1386 | D:2      | Mangled by a worm

Illustrated notes

Levels and vault maps discovered:
D:1:      evilmike_arrival_crescent, layout_basic, chequers_decorated_corner
D:2:      layout_rooms, serial_glass, glass_columns_a, glass_columns_a,
          minmay_heptomino_l4

Skill      XL: |  1  2 |
---------------+-------+-----
Stealth        | 3 |  3.3
Conjurations   | 1 |  1.3
Air Magic      | 3 |  3.1
Dodging        | |  2.7
Unarmed Combat | |  0.8
Spellcasting   | |  2.4

Action                   || total
-------------------------++-------
Melee: Unarmed           ||    24
       Punch             ||     3
       Bite              ||     2
 Cast: Shock             ||    50
       Static Discharge  ||     7
  Use: Scroll            ||     3
       Potion            ||     1
 Stab: Sleeping          ||     1
Armor: Skin              ||     2
Dodge: Dodged            ||    39

Table legend: (Time is in decaauts)
 A = Elapsed time spent in this place.
 B = Non-inter-level travel time spent in this place.
 C = Inter-level travel time spent in this place.
 D = Time resting spent in this place.
 E = Time spent auto-exploring this place.
 F = Levels seen in this place.
 G = Mean time per level.
                   A        B        C        D        E       F      G
               +--------+--------+--------+--------+--------+-----+--------+
         Total |   1247 |   1240 |      7 |     26 |    969 |   2 |  623.5 |
       Dungeon |   1247 |   1240 |      7 |     26 |    969 |   2 |  623.5 |
               +--------+--------+--------+--------+--------+-----+--------+

Top non-repeatable levels by time:
     D:1: 1004 daAuts
     D:2: 243 daAuts
